 Dungeon Crawl Stone Soup version 0.30-a0-883-g5ad918d77d (webtiles) character file.

Game seed: 1225435084011660782

473 jlumianski the Trooper (level 6, -4/51 HPs)
             Began as a Demonspawn Fighter on Mar 16, 2023.
             Was a Follower of Okawaru.
             Slain by an ogre
             ... wielding a +0 giant club
              (17 damage)
             ... on level 6 of the Dungeon.
             The game lasted 00:13:24 (3238 turns).

jlumianski the Trooper (Demonspawn Fighter)         Turns: 3238, Time: 00:13:25

Health: -4/51      AC: 10    Str: 18    XL:     6   Next: 84%
Magic:  0/6        EV:  6    Int:  9    God:    Okawaru [*.....]
Gold:   201        SH:  4    Dex: 13    Spells: 5/5 levels left

rFire   . . .      SeeInvis .    a - +0 war axe
rCold   . . .      Faith    .    c - +0 buckler
rNeg    . . .      Spirit   +    w - +0 chain mail
rPois   .          Reflect  .    (no helmet)
rElec   .          Rampage  .    (no cloak)
rCorr   .                        (no gloves)
Will    .....                    (no boots) Stlth
                                 u - amulet of guardian spirit
HPRegen 0.28/turn                (no ring)
MPRegen 0.10/turn                (no ring)

@: brilliant
A: powered by pain 1, sharp scales 1, weakness stinger 1, claws 1, talons 1
a: Renounce Religion, Heroism


You were on level 6 of the Dungeon.
You worshipped Okawaru.
Okawaru was aware of your devotion.
You visited 2 branches of the dungeon, and saw 8 of its levels.
You also visited: Sewer.

You collected 201 gold pieces.

Inventory:

Hand Weapons
 a - a +0 war axe (weapon)
Missiles
 g - 29 stones (quivered)
Armour
 b - a +0 scale mail
 c - a +0 buckler (worn)
 e - a +0 plate armour
 w - a +0 chain mail (worn)
Jewellery
 k - an amulet of magic regeneration
 u - an amulet of guardian spirit (around neck)
Scrolls
 d - a scroll of teleportation {unknown}
 f - a scroll of vulnerability
 i - a scroll of immolation
 j - a scroll of noise
 p - a scroll of poison
 r - a scroll of brand weapon {unknown}
 v - a scroll of enchant armour {unknown}
Potions
 h - a potion of flight
 l - 3 potions of attraction
 m - 2 potions of brilliance
 n - a potion of ambrosia {unknown}
 o - 2 potions of resistance {unknown}
 s - a potion of lignification
 t - a potion of magic {unknown}


   Skills:
 * Level 5.0 Fighting
 + Level 4.8 Axes
 + Level 0.1 Throwing
 + Level 3.6 Armour
 + Level 0.2 Stealth
 + Level 3.1 Shields


You had 5 spell levels left.
You didn't know any spells.
Your spell library contained the following spells:

 Spells                   Type           Power      Damage    Failure   Level
 Magic Dart               Conj           0%         1d3       100%        1
 Searing Ray              Conj           0%         2d4       100%        2
 Portal Projectile        Hex/Tloc       0%         N/A       100%        3
 Fulminant Prism          Conj/Hex       0%         3d5       100%        4
 Leda's Liquefaction      Hex/Erth       0%         N/A       100%        4
 Call Canine Familiar     Summ           Unusable   N/A       N/A         3

Dungeon Overview and Level Annotations

Branches:
Dungeon (7/15)             Temple (1/1) D:4           Sewer (visited)

Altars:
Ashenzari
Cheibriados
Dithmenos
Fedhas
Gozag
Kikubaaqudgha
Makhleb
Nemelex Xobeh
Okawaru
Sif Muna
Trog
Uskayaw
Xom
Yredelemnul


Innate Abilities, Weirdness & Mutations

You sometimes gain a little power by taking damage.
You are partially covered in razor-sharp scales. (AC +1, Slay +1)
You have a small tail.
You have sharp fingernails.
You have sharp toenails.


Message History

The orc shouts!
You barely miss the orc. You claw the orc.
The orc is moderately wounded.
The orc hits you with a +0 short sword.
You slash the orc!
You kill the orc!
Okawaru accepts your kill.
An ogre comes into view. It is wielding a +0 giant club.
The iguana bites you but does no damage.
You closely miss the iguana.
The ogre shouts!
The iguana bites you.
You barely miss the iguana. Your kick misses the iguana.
The iguana bites you but does no damage.
You hit the iguana but do no damage. You hit the ogre.
The ogre hits you with a +0 giant club. The iguana barely misses you.
You hit the iguana.
Your tail-slap misses the iguana.
The iguana is heavily wounded.
You barely miss the ogre. The iguana bites you.
The ogre hits you with a +0 giant club! The iguana barely misses you.
You slash the iguana!
You kill the iguana!
Okawaru accepts your kill.
You can now gain great but temporary skills.
You barely miss the ogre. The ogre barely misses you.
Your Fighting skill increases to level 5!
You hit the orc. You tail-slap the orc.
You kill the orc!
Okawaru accepts your kill.
You hit the ogre but do no damage.
The ogre hits you with a +0 giant club!!
* * * LOW HITPOINT WARNING * * *
Items here: $ )) †.
You aren't carrying any items that you can evoke.
It was a potion of brilliance.
You feel clever all of a sudden.
You barely miss the ogre. You claw the ogre. You tail-slap the ogre!
The ogre is moderately wounded.
The ogre hits you with a +0 giant club!!
You die...

..# #.# l. ..
#o .# #.#.#
#.?.# ##.##
#.## #####..#
..# #.O@...##
...##.####..#
.....# ##.#
#..## #.##
.....## #..#
#####..#####.##
#..........#
#........#...#
#....>..##.###


You could see an ogre.

Vanquished Creatures
  An ogre (D:3)
  A phantom (D:4)
  3 orc priests
  2 iguanas
  4 adders
  5 river rats (Sewer)
  A worm (D:2)
  3 dart slugs
  8 orcs
  5 endoplasms
  4 giant cockroaches
  6 hobgoblins
  2 quokkas (D:1)
  6 ball pythons
  7 bats
  6 frilled lizards
  4 goblins
  10 kobolds
  15 rats
93 creatures vanquished.

Notes
Turn   | Place    | Note
-------+----------+-------------------------------------------
     0 | D:1      | jlumianski the Demonspawn Fighter began the quest for the
                  | Orb.
     0 | D:1      | Reached XP level 1. HP: 18/18 MP: 1/1
   214 | D:1      | Gained mutation: You sometimes gain a little power by
                  | taking damage. [demonic ancestry]
   214 | D:1      | Reached XP level 2. HP: 24/24 MP: 2/2
   644 | D:1      | Gained mutation: You have sharp fingernails. [potion of
                  | mutation]
   644 | D:1      | Gained mutation: You have sharp toenails. [potion of
                  | mutation]
   975 | D:1      | Gained mutation: You are partially covered in razor-sharp
                  | scales. (AC +1, Slay +1) [demonic ancestry]
   975 | D:1      | Reached XP level 3. HP: 29/29 MP: 3/3
  1356 | D:4      | Gained mutation: You have a small tail. [demonic ancestry]
  1356 | D:4      | Reached XP level 4. HP: 15/36 MP: 4/4
  1385 | D:4      | Found a staircase to the Ecumenical Temple.
  1392 | Temple   | Entered the Ecumenical Temple
  1400 | Temple   | Became a worshipper of Warmaster Okawaru
  1461 | D:4      | Found a glowing drain.
  1470 | Sewer    | Entered a sewer
  1536 | Sewer    | Reached XP level 5. HP: 36/42 MP: 5/5
  1882 | D:3      | Noticed an ogre
  1887 | D:3      | Killed an ogre
  1888 | D:3      | Reached skill level 4 in Fighting
  1888 | D:3      | Reached XP level 6. HP: 49/49 MP: 6/6
  2868 | D:3      | Found a faded altar of an unknown god.
  2963 | D:5      | Entered Level 5 of the Dungeon
  3053 | D:4      | You fall into a shaft and drop 3 floors!
  3122 | D:7      | Found an opulent altar of Gozag.
  3234 | D:6      | Reached * piety under Okawaru
  3235 | D:6      | Reached skill level 5 in Fighting
  3238 | D:6      | Slain by an ogre

Illustrated notes

Levels and vault maps discovered:
D:1:      amcnicky_arrival_wind_blow, layout_basic
D:2:      layout_loops_ring, serial_rivers, chequers_serial_rivers_large_a,
          chequers_serial_rivers_room_a, chequers_serial_rivers_room_a,
          chequers_serial_rivers_marsh, basic_altar
D:3:      layout_rooms, dreamdust_ecumenical_altar_grove
D:4:      nicolae_cairo_tiling_very_big, layout_loops_ring,
          minmay_temple_entry_mini_moons, portal_sewer_entry_d, uniq_robin
D:5:      lemuel_ice_spiral_2, layout_rooms, gammafunk_ghost_arena, uniq_ijyb,
          uniq_prince_ribbit1, uniq_grinder
D:6:      layout_rooms, elyvilon_altar_1, kennysheep_mini,
          nzn_wu_jian_contemplation
D:7:      layout_loops_corners, nicolae_gozag_seed_capital,
          hangedman_decor_growths
Temple:   minmay_freezing_vapour_temple

Skill      XL: |  1  2  3  4  5  6 |
---------------+-------------------+-----
Axes           | 2 3 4 |  4.8
Armour         | 3 |  3.6
Shields        | 3 |  3.1
Fighting       | 4 5 |  5.0
Throwing       | |  0.1
Stealth        | |  0.2

Action                     |  1- 3 |  4- 6 || total
---------------------------+-------+-------++-------
  Melee: War axe           |    95 |   111 ||   206
         Kick              |     6 |    29 ||    35
         Tailslap          |       |    14 ||    14
  Throw: Stone             |     1 |     5 ||     6
    Use: Potion            |     3 |     2 ||     5
         Scroll            |     5 |     3 ||     8
 Armour: Plate armour      |    60 |    43 ||   103
         Scale mail        |     3 |       ||     3
         Chain mail        |       |    13 ||    13
  Dodge: Dodged            |    23 |    21 ||    44
  Block: Buckler           |    24 |    16 ||    40

Table legend: (Time is in decaauts)
 A = Elapsed time spent in this place.
 B = Non-inter-level travel time spent in this place.
 C = Inter-level travel time spent in this place.
 D = Time resting spent in this place.
 E = Time spent auto-exploring this place.
 F = Levels seen in this place.
 G = Mean time per level.
                   A        B        C        D        E       F      G
               +--------+--------+--------+--------+--------+-----+--------+
         Total |   3395 |   3367 |     28 |     99 |   1760 |   9 |  377.2 |
       Dungeon |   2917 |   2889 |     28 |     99 |   1521 |   7 |  416.7 |
        Temple |     14 |     14 |      0 |      0 |      0 |   1 |   14.0 |
         Sewer |    464 |    464 |      0 |      0 |    239 |   1 |  464.0 |
               +--------+--------+--------+--------+--------+-----+--------+

Top non-repeatable levels by time:
     D:1: 1092 daAuts
     D:2: 804 daAuts
     D:3: 500 daAuts
   Sewer: 464 daAuts
     D:4: 308 daAuts
     D:6: 96 daAuts
     D:7: 95 daAuts
     D:5: 19 daAuts
  Temple: 14 daAuts
